Staline vs Influenza
(R3)
Created - February 23, 2018 at 21:35
Goals
|
| Staline |
2 |
2 |
0 |
4 |
| Influenza |
3 |
2 |
3 |
8 |
|
Shots
|
| Staline |
8 |
21 |
6 |
35 |
| Influenza |
12 |
10 |
15 |
37 |
|
1st period
1. Staline , Lars Eller 23 (Nick Spaling 21, Viktor Loov 11) at 4:31
2. Influenza , Jeremy Morin 35 (Jeff May 10, T.J Galiardi 35) at 9:31
3. Influenza , Jordan Schroeder 11 (Iiro Pakarinen 10, Dmitry Sinitsyn 13) at 15:10
4. Staline , Bryan Bickell 11 (Marek Zagrapan 17, Viktor Loov 12) at 15:57
5. Influenza , T.J Galiardi 27 (Jeremy Morin 37, Mark Scheifele 42) at 19:49
Penalties :
Lane MacDermid (VJB) for Roughing (Minor) at 2:17, Nick Spaling (StJ) for Hooking (Minor) at 2:23, Mike Reilly (StJ) for Hooking (Minor) at 12:10, Nikita Nesterov (StJ) for Tripping (Minor) at 17:06, Nick Spaling (StJ) for Holding (Minor) at 19:52
2nd period
6. Influenza , Jeremy Morin 36 (Jeff May 11, Lane MacDermid 17) at 1:43 (PP)
7. Influenza , Beau Bennett 17 (Charlie Coyle 19, T.J Galiardi 36) at 11:04
8. Staline , Lars Eller 24 (Nick Spaling 22, Philip Larsen 13) at 12:11 (PP)
9. Staline , Corey Trivino 15 (Danny Kristo 7) at 15:41
Penalties :
Bryan Bickell (StJ) for Elbowing (Minor) at 1:21, Jeremy Morin (VJB) for Roughing (Minor) at 8:33, T.J Galiardi (VJB) for Slashing (Minor) at 11:41, Matt Corrente (VJB) for Roughing (Minor) at 13:18, Jeff May (VJB) for Goalie Interference (Minor) at 16:06, Tyler Pitlick (StJ) for Holding (Minor) at 16:41
3rd period
10. Influenza , Mark Olver 15 (Joe Morrow 4, Garnet Hathaway 16) at 9:15
11. Influenza , Mark Scheifele 33 (Jimmy Vesey 20, Matt Corrente 27) at 14:59
12. Influenza , Garnet Hathaway 18 (Lane MacDermid 18, Jimmy Vesey 21) at 15:52
Penalties :
Beau Bennett (VJB) for Slashing (Minor) at 0:41, James Sheppard (StJ) for Interference (Minor) at 10:02, Lars Eller (StJ) for Close Hand On Puck (Minor) at 19:51
Goalie Stats
Darcy Kuemper (StJ), 18 saves from 22 shots - (0.818), L, 1-5-0, 38:17 minutes
Allen York (StJ), 11 saves from 15 shots - (0.733), 21:43 minutes
Thomas McCollum (VJB), 31 saves from 35 shots - (0.886), W, 29-11-3, 60:00 minutes
Players Stats for Staline
Player Name G A P +/- PIM S H SB GA TA FO MP PP MP PK MP
------------------------------------------------------------------------------------
Andrey Pedan 0 0 0 1 0 0 2 0 0 0 0/0 8:19 0:00 0:00
Barclay Goodrow 0 0 0 1 0 0 1 0 0 0 0/0 4:53 0:00 0:00
Bryan Bickell 1 0 1 1 2 3 1 0 0 0 0/0 6:49 0:00 1:13
Charles Hudon 0 0 0 0 0 0 0 0 0 0 2/4 3:11 0:00 2:18
Corey Trivino 1 0 1 -2 0 1 2 0 1 0 2/4 9:54 0:00 0:00
Danny Kristo 0 1 1 -2 0 2 0 0 0 0 1/1 9:54 0:00 0:00
David Desharnais 0 0 0 -1 0 3 1 0 0 1 8/11 17:28 2:59 2:55
David Musil 0 0 0 0 0 0 0 0 0 0 0/0 1:03 0:00 0:00
James Sheppard 0 0 0 -2 2 2 1 0 0 0 1/1 10:10 0:00 0:00
Jeff Skinner 0 0 0 -1 0 2 0 1 0 0 0/0 13:19 2:59 0:03
Jiri Sekac 0 0 0 0 0 0 1 0 0 0 0/0 0:39 0:00 0:00
Jordan Caron 0 0 0 -3 0 4 0 2 0 1 1/1 21:22 4:09 2:55
Lars Eller 2 0 2 -2 2 6 0 0 0 1 15/39 25:04 4:09 5:32
Marek Zagrapan 0 1 1 1 0 4 0 0 1 0 4/6 4:53 0:00 0:00
Mike Reilly 0 0 0 -1 2 0 1 0 0 0 0/0 20:37 2:53 3:29
Nick Spaling 0 2 2 -2 4 4 2 0 0 1 4/10 23:11 4:08 4:33
Nikita Nesterov 0 0 0 1 2 1 0 0 0 0 0/0 9:10 0:00 0:47
Peter Holland 0 0 0 1 0 0 0 0 0 0 2/2 1:26 0:00 0:36
Philip Larsen 0 1 1 -4 0 1 3 6 3 3 0/0 29:15 4:15 5:58
Stu Bickel 0 0 0 -4 0 2 3 1 1 2 0/0 30:18 4:15 5:58
Tyler Pitlick 0 0 0 -1 2 0 1 0 0 0 0/1 13:41 2:58 0:00
Viktor Loov 0 2 2 -1 0 0 1 0 1 1 0/0 21:23 2:53 4:16
Players Stats for Influenza
Player Name G A P +/- PIM S H SB GA TA FO MP PP MP PK MP
------------------------------------------------------------------------------------
Beau Bennett 1 0 1 -2 2 4 2 0 1 0 0/0 17:08 4:13 0:50
Charlie Coyle 0 1 1 -1 0 1 0 0 0 0 4/7 10:39 0:00 0:00
Dmitry Sinitsyn 0 1 1 3 0 0 0 1 0 1 0/0 9:08 0:00 0:00
Garnet Hathaway 1 1 2 2 0 2 0 0 0 0 0/0 7:22 0:10 0:00
Iiro Pakarinen 0 1 1 1 0 1 1 1 0 1 1/2 9:32 0:06 2:00
Jeff May 0 2 2 -1 2 0 2 3 1 0 0/0 29:32 5:58 4:07
Jeremy Morin 2 1 3 3 2 7 3 1 3 2 1/1 25:25 5:51 3:22
Jimmy Vesey 0 2 2 -2 0 2 1 0 1 1 0/0 15:20 4:13 0:15
Joe Morrow 0 1 1 3 0 1 0 2 0 0 0/0 15:20 3:57 1:20
Jordan Schroeder 1 0 1 1 0 3 0 0 1 0 2/6 7:34 0:10 0:00
Lane MacDermid 0 2 2 2 2 2 0 0 0 0 0/0 13:49 5:51 1:02
Mark Olver 1 0 1 1 0 1 3 2 0 0 8/16 17:32 4:13 4:45
Mark Scheifele 1 1 2 3 0 8 2 0 0 1 24/46 23:54 5:51 2:02
Mathieu Carle 0 0 0 -1 0 1 2 0 2 0 0/0 30:22 5:54 4:44
Matt Corrente 0 1 1 2 2 0 3 1 0 1 0/0 16:12 0:23 1:37
Nikita Gusev 0 0 0 1 0 1 0 0 0 0 0/1 7:07 0:00 0:00
Paul Ladue 0 0 0 2 0 0 0 2 0 0 0/0 19:45 4:20 2:28
T.J Galiardi 1 2 3 3 2 3 1 0 1 0 0/1 13:48 0:00 0:00
3 Stars
1 - Jeremy Morin (VJB)
2 - Mark Scheifele (VJB)
3 - T.J Galiardi (VJB)
Power Play
Staline - 1 on 6 Attempt(s) - 16.67%
Influenza - 1 on 8 Attempt(s) - 12.50%
Penalty Kill
Staline - 7 on 8 Attempt(s) - 87.50%
- Score 0 goal in Penalty Kill
Influenza - 5 on 6 Attempt(s) - 83.33%
- Score 0 goal in Penalty Kill
Team Stat
Staline - Hits : 20 - Faceoff Wins : 40 - Blocked Shots : 10 - Penalty Minutes : 16
Influenza - Hits : 20 - Faceoff Wins : 40 - Blocked Shots : 13 - Penalty Minutes : 12
Official
Referees : Furlatt Eric and Pollock Kevin
Linesman : Pierre Champoux and Mark Pare
Game Notes
Darcy Kuemper enters game at 1:43 of 2nd period
Finance
Level 1 -- Attendance: 1636 (81.80%) -- Ticket Income $65,440
Level 2 -- Attendance: 822 (82.20%) -- Ticket Income $16,440
Total Attendance: 2458 (81.93%)
Total Ticket Income: $81,880
Other Income: $4,094
Total Income: $85,974
Staline
5 vs 5 Forward
Center Left Wing Right Wing Time % Phy DF OF
1 Lars Eller Nick Spaling Jordan Caron 40 1 2 2
2 David Desharnais Jeff Skinner Tyler Pitlick 30 1 2 2
3 Corey Trivino James Sheppard Danny Kristo 20 1 2 2
4 Marek Zagrapan Bryan Bickell Barclay Goodrow 10 1 2 2
5 vs 5 Defense
Defense Defense Time % Phy DF OF
1 Stu Bickel Philip Larsen 40 1 2 2
2 Viktor Loov Mike Reilly 30 1 2 2
3 Andrey Pedan Nikita Nesterov 20 1 2 2
4 David Musil Stu Bickel 10 1 2 2
PowerPlay Forward
Center Left Wing Right Wing Time % Phy DF OF
1 Lars Eller Nick Spaling Jordan Caron 60 1 2 2
2 David Desharnais Jeff Skinner Tyler Pitlick 40 1 2 2
PowerPlay Defense
Defense Defense Time % Phy DF OF
1 Stu Bickel Philip Larsen 60 1 2 2
2 Viktor Loov Mike Reilly 40 1 2 2
Penalty Kill 4 Players Forward
Center Wing Time % Phy DF OF
1 Nick Spaling Lars Eller 60 1 2 2
2 David Desharnais Jordan Caron 40 1 2 2
Penalty Kill 4 Players Defense
Defense Defense Time % Phy DF OF
1 Stu Bickel Philip Larsen 60 1 2 2
2 Viktor Loov Mike Reilly 40 1 2 2
Penalty Kill - 3 Players Forward
Forward Time % Phy DF OF
1 Nick Spaling 60 1 2 2
2 Lars Eller 40 1 2 2
Penalty Kill - 3 Players Defense
Defense Defense Time % Phy DF OF
1 Stu Bickel Philip Larsen 60 1 2 2
2 Viktor Loov Mike Reilly 40 1 2 2
4 vs 4 Forward
Center Wing Time % Phy DF OF
1 Nick Spaling Lars Eller 60 1 2 2
2 David Desharnais Jordan Caron 40 1 2 2
4 vs 4 Defense
Defense Defense Time % Phy DF OF
1 Stu Bickel Philip Larsen 60 1 2 2
2 Viktor Loov Mike Reilly 40 1 2 2
Last Minutes Offensive
Center Left Wing Right Wing Defense Defense
Lars Eller Nick Spaling Jordan Caron Stu Bickel Philip Larsen
Last Minutes Defensive
Center Left Wing Right Wing Defense Defense
Lars Eller Nick Spaling Jordan Caron Stu Bickel Philip Larsen
Goaltenders
Starting : Allen York
Backup : Darcy Kuemper
Extra Forwards
Normal : Peter Holland, Jiri Sekac, Charles Hudon - PP : Peter Holland, Jiri Sekac - PK : Charles Hudon
Extra Defensemen
Normal : Andrey Pedan, Nikita Nesterov, David Musil - PP : Andrey Pedan - PK : Nikita Nesterov, David Musil
Penalty Shots
Nick Spaling, Lars Eller, David Desharnais, Jordan Caron, Jeff Skinner
Scratches
Jordan Szwarz (Bruised Right Shoulder Injury), Joni Ortio (Healthy), Sean Maguire (Healthy)
Influenza
5 vs 5 Forward
Center Left Wing Right Wing Time % Phy DF OF
1 Mark Scheifele T.J Galiardi Jeremy Morin 40 1 2 2
2 Charlie Coyle Jimmy Vesey Beau Bennett 30 1 2 2
3 Mark Olver Lane MacDermid Garnet Hathaway 20 1 2 2
4 Jordan Schroeder Nikita Gusev Iiro Pakarinen 10 1 2 2
5 vs 5 Defense
Defense Defense Time % Phy DF OF
1 Mathieu Carle Jeff May 40 1 2 2
2 Matt Corrente Paul Ladue 30 1 2 2
3 Joe Morrow Dmitry Sinitsyn 20 1 2 2
4 Mathieu Carle Jeff May 10 1 2 2
PowerPlay Forward
Center Left Wing Right Wing Time % Phy DF OF
1 Mark Scheifele Lane MacDermid Jeremy Morin 60 1 2 2
2 Mark Olver Jimmy Vesey Beau Bennett 40 1 2 2
PowerPlay Defense
Defense Defense Time % Phy DF OF
1 Mathieu Carle Jeff May 60 1 2 2
2 Joe Morrow Paul Ladue 40 1 2 2
Penalty Kill 4 Players Forward
Center Wing Time % Phy DF OF
1 Mark Olver Jeremy Morin 60 1 2 2
2 Mark Scheifele Beau Bennett 40 1 2 2
Penalty Kill 4 Players Defense
Defense Defense Time % Phy DF OF
1 Mathieu Carle Jeff May 60 1 2 2
2 Matt Corrente Paul Ladue 40 1 2 2
Penalty Kill - 3 Players Forward
Forward Time % Phy DF OF
1 Mark Olver 60 1 2 2
2 Mark Scheifele 40 1 2 2
Penalty Kill - 3 Players Defense
Defense Defense Time % Phy DF OF
1 Mathieu Carle Jeff May 60 1 2 2
2 Matt Corrente Paul Ladue 40 1 2 2
4 vs 4 Forward
Center Wing Time % Phy DF OF
1 Mark Scheifele Jeremy Morin 60 1 2 2
2 Mark Olver Beau Bennett 40 1 2 2
4 vs 4 Defense
Defense Defense Time % Phy DF OF
1 Mathieu Carle Jeff May 60 1 2 2
2 Matt Corrente Paul Ladue 40 1 2 2
Last Minutes Offensive
Center Left Wing Right Wing Defense Defense
Mark Scheifele Jimmy Vesey Jeremy Morin Mathieu Carle Matt Corrente
Last Minutes Defensive
Center Left Wing Right Wing Defense Defense
Mark Scheifele Lane MacDermid Jeremy Morin Mathieu Carle Matt Corrente
Goaltenders
Starting : Thomas McCollum
Backup : Tyson Sexsmith
Extra Forwards
Normal : Garnet Hathaway, Jordan Schroeder, Iiro Pakarinen - PP : Garnet Hathaway, Jordan Schroeder - PK : Iiro Pakarinen
Extra Defensemen
Normal : Matt Corrente, Mathieu Carle, Jeff May - PP : Matt Corrente - PK : Mathieu Carle, Jeff May
Penalty Shots
Jeremy Morin, Mark Olver, Beau Bennett, Mark Scheifele, Garnet Hathaway
Scratches
Jacob Josefson (Healthy), Jamie Devane (Healthy), Johan Larsson (Healthy), Fredric Larsson (Healthy), Tim Erixon (Healthy)
Tom Kuhnhackl (Healthy), Oskars Bartulis (Healthy), Rocco Grimaldi (Healthy), Ryan Sproul (Healthy), Josh Andrerson (Healthy)
Jesse Graham (Healthy), Vince Rocco (Healthy), Jamie Phillips (Healthy)
% Time on Ice - Staline
Lines # - Real PCT - Wanted PCT - Time Play
Normal Forward
1 - 35% - 40% - 13:58
2 - 27% - 30% - 10:36
3 - 25% - 20% - 9:54
4 - 12% - 10% - 4:53
Normal Defense
1 - 43% - 40% - 16:44
2 - 34% - 30% - 13:15
3 - 21% - 20% - 8:19
4 - 3% - 10% - 1:03
PP Forward
1 - 58% - 60% - 4:09
2 - 42% - 40% - 2:59
PP Defense
1 - 60% - 60% - 4:15
2 - 40% - 40% - 2:53
PK Forward
1 - 70% - 60% - 6:57
2 - 30% - 40% - 2:55
PK Defense
1 - 57% - 60% - 5:36
2 - 43% - 40% - 4:16
PK3 Forward
1 - 100% - 60% - 0:22
2 - 0% - 40% - 0:00
PK3 Defense
1 - 100% - 60% - 0:22
2 - 0% - 40% - 0:00
44 Forward
1 - 71% - 60% - 2:19
2 - 29% - 40% - 0:58
44 Defense
1 - 70% - 60% - 2:18
2 - 30% - 40% - 0:59
Last Minute Offensive - 0:00
Last Minute Defensive - 0:00
Total
Forward - 60:00
Defense - 60:00
|
% Time on Ice - Influenza
Lines # - Real PCT - Wanted PCT - Time Play
Normal Forward
1 - 37% - 40% - 14:22
2 - 28% - 30% - 10:57
3 - 18% - 20% - 6:55
4 - 18% - 10% - 7:07
Normal Defense
1 - 43% - 40% - 16:50
2 - 33% - 30% - 12:53
3 - 23% - 20% - 9:08
4 - 1% - 10% - 0:30
PP Forward
1 - 59% - 60% - 6:01
2 - 41% - 40% - 4:13
PP Defense
1 - 58% - 60% - 5:54
2 - 42% - 40% - 4:20
PK Forward
1 - 78% - 60% - 5:33
2 - 22% - 40% - 1:35
PK Defense
1 - 65% - 60% - 4:40
2 - 35% - 40% - 2:28
PK3 Forward
1 - 0% - 60%
2 - 0% - 40%
PK3 Defense
1 - 0% - 60%
2 - 0% - 40%
44 Forward
1 - 65% - 60% - 2:08
2 - 35% - 40% - 1:09
44 Defense
1 - 73% - 60% - 2:24
2 - 27% - 40% - 0:53
Last Minute Offensive - 0:00
Last Minute Defensive - 0:00
Total
Forward - 60:00
Defense - 60:00
|
Play by Play
1st period
0:01 of 1st period - Mark Scheifele wins face-off versus Lars Eller in neutral zone.
0:06 of 1st period - Icing by Stu Bickel.
0:07 of 1st period - Mark Scheifele wins face-off versus Lars Eller in Staline zone.
0:42 of 1st period - Wrist shot by David Desharnais.
0:42 of 1st period - Stopped by Thomas McCollum without a rebound.
0:43 of 1st period - Corey Trivino wins face-off versus Mark Olver in Influenza zone.
1:09 of 1st period - Matt Corrente is hit by Bryan Bickell and loses puck.
1:34 of 1st period - Dmitry Sinitsyn is hit by Tyler Pitlick and loses puck.
1:45 of 1st period - Snap shot by David Desharnais.
1:45 of 1st period - Shot Misses the Net.
1:55 of 1st period - Nick Spaling is hit by Jeremy Morin.
2:17 of 1st period - Minor Penalty to Lane MacDermid for Roughing.
2:18 of 1st period - Mark Olver wins face-off versus Lars Eller in Influenza zone.
2:23 of 1st period - Minor Penalty to Nick Spaling for Hooking.
2:24 of 1st period - Peter Holland wins face-off versus Mark Scheifele in Staline zone.
2:29 of 1st period - Slapshot by Philip Larsen.
2:29 of 1st period - Shot Misses the Net.
3:08 of 1st period - Matt Corrente is hit by Stu Bickel and loses puck.
3:35 of 1st period - Snap shot by Jiri Sekac.
3:35 of 1st period - Shot Misses the Net.
3:41 of 1st period - Mark Olver is hit by Jiri Sekac and loses puck.
3:56 of 1st period - Jeremy Morin is hit by David Desharnais and loses puck.
4:17 of 1st period - Penalty to Lane MacDermid is over, Lane MacDermid is back on ice.
4:23 of 1st period - Penalty to Nick Spaling is over, Nick Spaling is back on ice.
4:31 of 1st period - Wrist shot by Lars Eller.
4:31 of 1st period - Goal by Lars Eller - Staline : 1 - Influenza : 0.
4:32 of 1st period - David Desharnais wins face-off versus Jordan Schroeder in neutral zone.
4:39 of 1st period - Slapshot by Matt Corrente.
4:39 of 1st period - Deflect By Iiro Pakarinen.
4:39 of 1st period - Shot Blocked by Philip Larsen.
4:39 of 1st period - Puck is out of play.
4:40 of 1st period - Iiro Pakarinen wins face-off versus David Desharnais in Staline zone.
4:41 of 1st period - Wrist shot by Jordan Schroeder.
4:41 of 1st period - Shot Blocked by Philip Larsen.
4:43 of 1st period - Slapshot by Paul Ladue.
4:43 of 1st period - Shot Blocked by Philip Larsen.
4:45 of 1st period - Wrist shot by Nikita Gusev.
4:45 of 1st period - Stopped by Allen York with a rebound.
5:05 of 1st period - Jeremy Morin is hit by Stu Bickel.
5:13 of 1st period - Snap shot by Mark Scheifele.
5:13 of 1st period - Stopped by Allen York with a rebound.
5:15 of 1st period - Backhand shot by Mark Scheifele.
5:15 of 1st period - Deflect By Jeremy Morin.
5:15 of 1st period - Shot Misses the Net.
5:15 of 1st period - Puck is out of play.
5:16 of 1st period - Corey Trivino wins face-off versus Charlie Coyle in Staline zone.
5:21 of 1st period - Danny Kristo is hit by Beau Bennett and loses puck.
6:45 of 1st period - Snap shot by James Sheppard.
6:45 of 1st period - Shot Misses the Net.
7:00 of 1st period - Icing by Danny Kristo.
7:01 of 1st period - James Sheppard wins face-off versus Mark Scheifele in Staline zone.
8:20 of 1st period - Slapshot by Mark Scheifele.
8:20 of 1st period - Stopped by Allen York with a rebound.
8:40 of 1st period - Slapshot by Marek Zagrapan.
8:40 of 1st period - Shot Misses the Net.
9:16 of 1st period - Wrist shot by Mark Olver.
9:16 of 1st period - Shot Misses the Net.
9:18 of 1st period - Wrist shot by Lane MacDermid.
9:18 of 1st period - Deflect By Garnet Hathaway.
9:18 of 1st period - Stopped by Allen York with a rebound.
9:22 of 1st period - Backhand shot by Lane MacDermid.
9:22 of 1st period - Stopped by Allen York without a rebound.
9:23 of 1st period - Mark Scheifele wins face-off versus Lars Eller in Staline zone.
9:27 of 1st period - Snap shot by Jeremy Morin.
9:27 of 1st period - Shot Misses the Net.
9:29 of 1st period - Snap shot by Jeff May.
9:29 of 1st period - Shot Blocked by Jordan Caron.
9:31 of 1st period - Slapshot by Jeremy Morin.
9:31 of 1st period - Goal by Jeremy Morin - Staline : 1 - Influenza : 1.
9:32 of 1st period - Mark Scheifele wins face-off versus Lars Eller in neutral zone.
10:46 of 1st period - Wrist shot by Bryan Bickell.
10:46 of 1st period - Stopped by Thomas McCollum without a rebound.
10:47 of 1st period - Lars Eller wins face-off versus Mark Scheifele in Influenza zone.
10:48 of 1st period - Slapshot by Nick Spaling.
10:48 of 1st period - Deflect By Mark Scheifele.
10:48 of 1st period - Shot Misses the Net.
10:48 of 1st period - Puck is out of play.
10:49 of 1st period - Mark Scheifele wins face-off versus Nick Spaling in Influenza zone.
11:48 of 1st period - Off-side.
11:49 of 1st period - Mark Scheifele wins face-off versus Marek Zagrapan in neutral zone.
12:10 of 1st period - Minor Penalty to Mike Reilly for Hooking.
12:11 of 1st period - Nick Spaling wins face-off versus Mark Scheifele in Staline zone.
12:23 of 1st period - Icing by Jeff May.
12:24 of 1st period - Mark Scheifele wins face-off versus Nick Spaling in Influenza zone.
12:43 of 1st period - Wrist shot by Jeremy Morin.
12:43 of 1st period - Stopped by Allen York with a rebound.
12:49 of 1st period - Wrist shot by Mark Scheifele.
12:49 of 1st period - Shot Misses the Net.
13:03 of 1st period - Wrist shot by David Desharnais.
13:03 of 1st period - Stopped by Thomas McCollum without a rebound.
13:04 of 1st period - David Desharnais wins face-off versus Mark Olver in Influenza zone.
14:00 of 1st period - Mathieu Carle is hit by Philip Larsen and loses puck.
14:10 of 1st period - Penalty to Mike Reilly is over, Mike Reilly is back on ice.
14:25 of 1st period - Slapshot by Philip Larsen.
14:25 of 1st period - Stopped by Thomas McCollum without a rebound.
14:26 of 1st period - David Desharnais wins face-off versus Nikita Gusev in Influenza zone.
14:31 of 1st period - Wrist shot by David Desharnais.
14:31 of 1st period - Shot Blocked by Dmitry Sinitsyn.
14:34 of 1st period - Icing by Iiro Pakarinen.
14:35 of 1st period - David Desharnais wins face-off versus Jordan Schroeder in Influenza zone.
14:54 of 1st period - Wrist shot by David Desharnais.
14:54 of 1st period - Shot Misses the Net.
15:08 of 1st period - Slapshot by Iiro Pakarinen.
15:08 of 1st period - Stopped by Allen York with a rebound.
15:10 of 1st period - Wrist shot by Jordan Schroeder.
15:10 of 1st period - Goal by Jordan Schroeder - Staline : 1 - Influenza : 2.
15:11 of 1st period - Mark Scheifele wins face-off versus Lars Eller in neutral zone.
15:45 of 1st period - Wrist shot by David Desharnais.
15:45 of 1st period - Shot Misses the Net.
15:57 of 1st period - Snap shot by Bryan Bickell.
15:57 of 1st period - Goal by Bryan Bickell - Staline : 2 - Influenza : 2.
15:58 of 1st period - Mark Scheifele wins face-off versus Lars Eller in neutral zone.
16:32 of 1st period - Slapshot by David Desharnais.
16:32 of 1st period - Shot Misses the Net.
16:34 of 1st period - Wrist shot by Jeff Skinner.
16:34 of 1st period - Shot Misses the Net.
16:36 of 1st period - Snap shot by Philip Larsen.
16:36 of 1st period - Shot Blocked by Paul Ladue.
16:38 of 1st period - Slapshot by Stu Bickel.
16:38 of 1st period - Stopped by Thomas McCollum with a rebound.
17:06 of 1st period - Minor Penalty to Nikita Nesterov for Tripping.
17:07 of 1st period - Mark Scheifele wins face-off versus Nick Spaling in Staline zone.
17:56 of 1st period - Jeremy Morin is hit by Viktor Loov and loses puck.
18:07 of 1st period - Nick Spaling is hit by Mark Olver and loses puck.
18:49 of 1st period - Jimmy Vesey is hit by Philip Larsen and loses puck.
19:06 of 1st period - Penalty to Nikita Nesterov is over, Nikita Nesterov is back on ice.
19:24 of 1st period - Snap shot by Danny Kristo.
19:24 of 1st period - Shot Misses the Net.
19:26 of 1st period - Snap shot by Corey Trivino.
19:26 of 1st period - Deflect By James Sheppard.
19:26 of 1st period - Shot Misses the Net.
19:26 of 1st period - Puck is out of play.
19:27 of 1st period - David Desharnais wins face-off versus Jordan Schroeder in Influenza zone.
19:32 of 1st period - Snap shot by Jeff Skinner.
19:32 of 1st period - Stopped by Thomas McCollum without a rebound.
19:33 of 1st period - Jordan Schroeder wins face-off versus Tyler Pitlick in Influenza zone.
19:33 of 1st period - Jordan Schroeder is hit by Andrey Pedan.
19:43 of 1st period - Wrist shot by Jordan Schroeder.
19:43 of 1st period - Stopped by Allen York without a rebound.
19:44 of 1st period - Mark Scheifele wins face-off versus Lars Eller in Staline zone.
19:45 of 1st period - Slapshot by T.J Galiardi.
19:45 of 1st period - Shot Blocked by Jordan Caron.
19:47 of 1st period - Wrist shot by Mark Scheifele.
19:47 of 1st period - Stopped by Allen York with a rebound.
19:49 of 1st period - Snap shot by Jeremy Morin.
19:49 of 1st period - Deflect By T.J Galiardi.
19:49 of 1st period - Goal by T.J Galiardi - Staline : 2 - Influenza : 3.
19:50 of 1st period - Lars Eller wins face-off versus Mark Scheifele in neutral zone.
19:52 of 1st period - Minor Penalty to Nick Spaling for Holding.
19:53 of 1st period - Mark Scheifele wins face-off versus Charles Hudon in Staline zone.
Goals for this period are 2 for Staline vs 3 for Influenza.
Shots for this period are 8 for Staline vs 12 for Influenza.
2nd period
0:01 of 2nd period - Charles Hudon wins face-off versus Mark Scheifele in neutral zone.
0:14 of 2nd period - Wrist shot by Jeremy Morin.
0:14 of 2nd period - Stopped by Allen York with a rebound.
0:31 of 2nd period - Off-side.
0:32 of 2nd period - Peter Holland wins face-off versus Mark Scheifele in neutral zone.
0:42 of 2nd period - Lars Eller is hit by Mark Scheifele and loses puck.
1:21 of 2nd period - Minor Penalty to Bryan Bickell for Elbowing.
1:22 of 2nd period - Charles Hudon wins face-off versus Mark Scheifele in Staline zone.
1:31 of 2nd period - Snap shot by Jeremy Morin.
1:31 of 2nd period - Shot Misses the Net.
1:33 of 2nd period - Slapshot by Lane MacDermid.
1:33 of 2nd period - Deflect By Mark Scheifele.
1:33 of 2nd period - Shot Misses the Net.
1:33 of 2nd period - Puck is out of play.
1:34 of 2nd period - Mark Scheifele wins face-off versus Charles Hudon in Staline zone.
1:37 of 2nd period - Slapshot by Mark Scheifele.
1:37 of 2nd period - Stopped by Allen York with a rebound.
1:39 of 2nd period - Snap shot by Lane MacDermid.
1:39 of 2nd period - Shot Misses the Net.
1:41 of 2nd period - Snap shot by Jeff May.
1:41 of 2nd period - Shot Blocked by Philip Larsen.
1:43 of 2nd period - Snap shot by Jeremy Morin.
1:43 of 2nd period - Goal by Jeremy Morin - Staline : 2 - Influenza : 4.
1:43 of 2nd period - Darcy Kuemper enters game.
1:44 of 2nd period - Mark Scheifele wins face-off versus Nick Spaling in neutral zone.
1:47 of 2nd period - Slapshot by Mathieu Carle.
1:47 of 2nd period - Shot Blocked by Stu Bickel.
1:59 of 2nd period - Snap shot by Jeremy Morin.
1:59 of 2nd period - Shot Misses the Net.
2:29 of 2nd period - Jordan Caron is hit by Mathieu Carle and loses puck.
3:21 of 2nd period - Penalty to Bryan Bickell is over, Bryan Bickell is back on ice.
3:37 of 2nd period - Snap shot by Lars Eller.
3:37 of 2nd period - Stopped by Thomas McCollum without a rebound.
3:38 of 2nd period - David Desharnais wins face-off versus Jordan Schroeder in Influenza zone.
4:21 of 2nd period - Off-side.
4:22 of 2nd period - Charlie Coyle wins face-off versus Marek Zagrapan in neutral zone.
4:25 of 2nd period - Slapshot by Mathieu Carle.
4:25 of 2nd period - Stopped by Darcy Kuemper without a rebound.
4:26 of 2nd period - Marek Zagrapan wins face-off versus Mark Scheifele in Staline zone.
4:26 of 2nd period - Stu Bickel is hit by T.J Galiardi and loses puck.
4:52 of 2nd period - Philip Larsen is hit by Mathieu Carle and loses puck.
4:55 of 2nd period - Slapshot by Stu Bickel.
4:55 of 2nd period - Deflect By Nick Spaling.
4:55 of 2nd period - Shot Blocked by Jeff May.
4:55 of 2nd period - Puck is out of play.
4:56 of 2nd period - Lars Eller wins face-off versus T.J Galiardi in Influenza zone.
4:59 of 2nd period - Wrist shot by Nick Spaling.
4:59 of 2nd period - Shot Misses the Net.
5:10 of 2nd period - Off-side.
5:11 of 2nd period - Charlie Coyle wins face-off versus Lars Eller in neutral zone.
5:21 of 2nd period - Snap shot by Lars Eller.
5:21 of 2nd period - Shot Misses the Net.
5:23 of 2nd period - Wrist shot by Lars Eller.
5:23 of 2nd period - Stopped by Thomas McCollum without a rebound.
5:24 of 2nd period - Lars Eller wins face-off versus Mark Scheifele in Influenza zone.
5:51 of 2nd period - Mathieu Carle is hit by Corey Trivino and loses puck.
6:46 of 2nd period - Snap shot by Tyler Pitlick.
6:46 of 2nd period - Shot Blocked by Mark Olver.
6:48 of 2nd period - Wrist shot by Tyler Pitlick.
6:48 of 2nd period - Shot Blocked by Matt Corrente.
6:50 of 2nd period - Slapshot by Mike Reilly.
6:50 of 2nd period - Shot Blocked by Paul Ladue.
7:04 of 2nd period - Backhand shot by Mark Scheifele.
7:04 of 2nd period - Shot Misses the Net.
7:06 of 2nd period - Snap shot by Mark Scheifele.
7:06 of 2nd period - Stopped by Darcy Kuemper with a rebound.
7:08 of 2nd period - Slapshot by Paul Ladue.
7:08 of 2nd period - Shot Misses the Net.
7:10 of 2nd period - Snap shot by Mark Scheifele.
7:10 of 2nd period - Shot Blocked by Philip Larsen.
8:08 of 2nd period - Slapshot by Lane MacDermid.
8:08 of 2nd period - Shot Misses the Net.
8:24 of 2nd period - Snap shot by Marek Zagrapan.
8:24 of 2nd period - Stopped by Thomas McCollum without a rebound.
8:25 of 2nd period - Marek Zagrapan wins face-off versus Mark Scheifele in Influenza zone.
8:30 of 2nd period - Wrist shot by Marek Zagrapan.
8:30 of 2nd period - Stopped by Thomas McCollum without a rebound.
8:31 of 2nd period - Marek Zagrapan wins face-off versus Mark Scheifele in Influenza zone.
8:33 of 2nd period - Minor Penalty to Jeremy Morin for Roughing.
8:34 of 2nd period - Lars Eller wins face-off versus Mark Olver in Influenza zone.
8:41 of 2nd period - Snap shot by Lars Eller.
8:41 of 2nd period - Stopped by Thomas McCollum without a rebound.
8:42 of 2nd period - Lars Eller wins face-off versus Mark Olver in Influenza zone.
8:49 of 2nd period - Slapshot by Nick Spaling.
8:49 of 2nd period - Stopped by Thomas McCollum without a rebound.
8:50 of 2nd period - Nick Spaling wins face-off versus Iiro Pakarinen in Influenza zone.
8:51 of 2nd period - Snap shot by Lars Eller.
8:51 of 2nd period - Shot Blocked by Mark Olver.
8:53 of 2nd period - Slapshot by Stu Bickel.
8:53 of 2nd period - Stopped by Thomas McCollum with a rebound.
8:55 of 2nd period - Slapshot by Nick Spaling.
8:55 of 2nd period - Deflect By Jordan Caron.
8:55 of 2nd period - Stopped by Thomas McCollum with a rebound.
8:57 of 2nd period - Wrist shot by Jordan Caron.
8:57 of 2nd period - Stopped by Thomas McCollum with a rebound.
8:59 of 2nd period - Snap shot by Jordan Caron.
8:59 of 2nd period - Stopped by Thomas McCollum without a rebound.
9:00 of 2nd period - Mark Olver wins face-off versus Lars Eller in Influenza zone.
9:03 of 2nd period - Wrist shot by Nick Spaling.
9:03 of 2nd period - Stopped by Thomas McCollum with a rebound.
9:05 of 2nd period - Wrist shot by Stu Bickel.
9:05 of 2nd period - Deflect By Jordan Caron.
9:05 of 2nd period - Shot Misses the Net.
9:05 of 2nd period - Puck is out of play.
9:06 of 2nd period - Nick Spaling wins face-off versus Mark Olver in Influenza zone.
9:15 of 2nd period - Slapshot by Lars Eller.
9:15 of 2nd period - Stopped by Thomas McCollum with a rebound.
9:17 of 2nd period - Slapshot by Stu Bickel.
9:17 of 2nd period - Shot Blocked by Iiro Pakarinen.
10:33 of 2nd period - Penalty to Jeremy Morin is over, Jeremy Morin is back on ice.
11:00 of 2nd period - Snap shot by Beau Bennett.
11:00 of 2nd period - Stopped by Darcy Kuemper with a rebound.
11:02 of 2nd period - Wrist shot by Beau Bennett.
11:02 of 2nd period - Stopped by Darcy Kuemper with a rebound.
11:04 of 2nd period - Snap shot by Beau Bennett.
11:04 of 2nd period - Goal by Beau Bennett - Staline : 2 - Influenza : 5.
11:05 of 2nd period - Lars Eller wins face-off versus Mark Scheifele in neutral zone.
11:16 of 2nd period - Snap shot by T.J Galiardi.
11:16 of 2nd period - Stopped by Darcy Kuemper without a rebound.
11:17 of 2nd period - Mark Scheifele wins face-off versus Lars Eller in Staline zone.
11:30 of 2nd period - Wrist shot by Nick Spaling.
11:30 of 2nd period - Stopped by Thomas McCollum without a rebound.
11:31 of 2nd period - Mark Scheifele wins face-off versus Lars Eller in Influenza zone.
11:41 of 2nd period - Minor Penalty to T.J Galiardi for Slashing.
11:42 of 2nd period - Jeremy Morin wins face-off versus Lars Eller in Influenza zone.
11:46 of 2nd period - Wrist shot by Mathieu Carle.
11:46 of 2nd period - Shot Misses the Net.
11:51 of 2nd period - Off-side.
11:52 of 2nd period - Mark Olver wins face-off versus Lars Eller in neutral zone.
12:11 of 2nd period - Slapshot by Lars Eller.
12:11 of 2nd period - Goal by Lars Eller - Staline : 3 - Influenza : 5.
12:12 of 2nd period - Lars Eller wins face-off versus Mark Scheifele in neutral zone.
12:17 of 2nd period - Snap shot by Jeremy Morin.
12:17 of 2nd period - Shot Misses the Net.
12:28 of 2nd period - Snap shot by Jordan Caron.
12:28 of 2nd period - Stopped by Thomas McCollum with a rebound.
13:04 of 2nd period - Wrist shot by Danny Kristo.
13:04 of 2nd period - Shot Blocked by Jeff May.
13:06 of 2nd period - Slapshot by Danny Kristo.
13:06 of 2nd period - Stopped by Thomas McCollum without a rebound.
13:07 of 2nd period - Mark Scheifele wins face-off versus Lars Eller in Influenza zone.
13:07 of 2nd period - Mark Scheifele is hit by Nick Spaling.
13:18 of 2nd period - Minor Penalty to Matt Corrente for Roughing.
13:19 of 2nd period - Lars Eller wins face-off versus Mark Olver in Influenza zone.
13:45 of 2nd period - Beau Bennett is hit by Stu Bickel and loses puck.
13:50 of 2nd period - Slapshot by Jeff Skinner.
13:50 of 2nd period - Stopped by Thomas McCollum without a rebound.
13:51 of 2nd period - David Desharnais wins face-off versus Mark Scheifele in Influenza zone.
14:45 of 2nd period - Snap shot by Tyler Pitlick.
14:45 of 2nd period - Shot Misses the Net.
15:05 of 2nd period - Slapshot by Viktor Loov.
15:05 of 2nd period - Shot Blocked by Joe Morrow.
15:07 of 2nd period - Snap shot by Nick Spaling.
15:07 of 2nd period - Stopped by Thomas McCollum with a rebound.
15:09 of 2nd period - Slapshot by Viktor Loov.
15:09 of 2nd period - Shot Misses the Net.
15:11 of 2nd period - Slapshot by Jordan Caron.
15:11 of 2nd period - Shot Misses the Net.
15:13 of 2nd period - Slapshot by Lars Eller.
15:13 of 2nd period - Deflect By Joe Morrow.
15:13 of 2nd period - Shot Misses the Net.
15:13 of 2nd period - Puck is out of play.
15:14 of 2nd period - Mark Olver wins face-off versus Lars Eller in Influenza zone.
15:14 of 2nd period - Mark Olver is hit by Nick Spaling.
15:18 of 2nd period - Penalty to Matt Corrente is over, Matt Corrente is back on ice.
15:37 of 2nd period - Icing by Jeff May.
15:38 of 2nd period - Danny Kristo wins face-off versus Charlie Coyle in Influenza zone.
15:41 of 2nd period - Snap shot by Corey Trivino.
15:41 of 2nd period - Goal by Corey Trivino - Staline : 4 - Influenza : 5.
15:42 of 2nd period - Mark Scheifele wins face-off versus Lars Eller in neutral zone.
15:49 of 2nd period - Snap shot by Mark Scheifele.
15:49 of 2nd period - Shot Misses the Net.
16:06 of 2nd period - Minor Penalty to Jeff May for Goalie Interference.
16:07 of 2nd period - Mark Olver wins face-off versus Lars Eller in Influenza zone.
16:07 of 2nd period - Mark Olver is hit by Philip Larsen.
16:14 of 2nd period - Slapshot by Mathieu Carle.
16:14 of 2nd period - Deflect By Jeremy Morin.
16:14 of 2nd period - Stopped by Darcy Kuemper without a rebound.
16:15 of 2nd period - Mark Olver wins face-off versus Lars Eller in Staline zone.
16:41 of 2nd period - Minor Penalty to Tyler Pitlick for Holding.
16:42 of 2nd period - Nick Spaling wins face-off versus Mark Scheifele in Staline zone.
17:19 of 2nd period - Wrist shot by David Desharnais.
17:19 of 2nd period - Stopped by Thomas McCollum without a rebound.
17:20 of 2nd period - Mark Olver wins face-off versus David Desharnais in Influenza zone.
17:33 of 2nd period - David Desharnais is hit by Beau Bennett.
18:06 of 2nd period - Penalty to Jeff May is over, Jeff May is back on ice.
18:19 of 2nd period - Snap shot by Beau Bennett.
18:19 of 2nd period - Shot Misses the Net.
18:41 of 2nd period - Penalty to Tyler Pitlick is over, Tyler Pitlick is back on ice.
18:45 of 2nd period - Wrist shot by Bryan Bickell.
18:45 of 2nd period - Stopped by Thomas McCollum with a rebound.
19:01 of 2nd period - Mike Reilly is hit by Iiro Pakarinen and loses puck.
19:39 of 2nd period - David Desharnais is hit by Mark Scheifele and loses puck.
19:51 of 2nd period - Off-side.
19:52 of 2nd period - Lars Eller wins face-off versus Charlie Coyle in neutral zone.
Goals for this period are 2 for Staline vs 2 for Influenza.
Shots for this period are 21 for Staline vs 10 for Influenza.
3rd period
0:01 of 3rd period - Lars Eller wins face-off versus Mark Scheifele in neutral zone.
0:41 of 3rd period - Minor Penalty to Beau Bennett for Slashing.
0:42 of 3rd period - Mark Olver wins face-off versus Lars Eller in Influenza zone.
0:55 of 3rd period - Wrist shot by Jeremy Morin.
0:55 of 3rd period - Shot Misses the Net.
0:57 of 3rd period - Snap shot by Paul Ladue.
0:57 of 3rd period - Shot Misses the Net.
1:04 of 3rd period - Icing by Lars Eller.
1:05 of 3rd period - Lars Eller wins face-off versus Mark Olver in Staline zone.
1:20 of 3rd period - Snap shot by Tyler Pitlick.
1:20 of 3rd period - Shot Blocked by Jeff May.
1:57 of 3rd period - Icing by Jeff Skinner.
1:58 of 3rd period - Mark Scheifele wins face-off versus David Desharnais in Staline zone.
2:41 of 3rd period - Penalty to Beau Bennett is over, Beau Bennett is back on ice.
3:46 of 3rd period - Joe Morrow is hit by Andrey Pedan and loses puck.
4:15 of 3rd period - Wrist shot by James Sheppard.
4:15 of 3rd period - Stopped by Thomas McCollum with a rebound.
4:17 of 3rd period - Slapshot by Nikita Nesterov.
4:17 of 3rd period - Deflect By Corey Trivino.
4:17 of 3rd period - Shot Misses the Net.
4:17 of 3rd period - Puck is out of play.
4:18 of 3rd period - Jordan Schroeder wins face-off versus Corey Trivino in Influenza zone.
4:34 of 3rd period - Corey Trivino is hit by Matt Corrente and loses puck.
4:47 of 3rd period - Snap shot by Jordan Schroeder.
4:47 of 3rd period - Stopped by Darcy Kuemper without a rebound.
4:48 of 3rd period - Lars Eller wins face-off versus Mark Scheifele in Staline zone.
6:22 of 3rd period - James Sheppard is hit by Mark Olver and loses puck.
6:41 of 3rd period - Wrist shot by Iiro Pakarinen.
6:41 of 3rd period - Shot Misses the Net.
7:23 of 3rd period - Snap shot by James Sheppard.
7:23 of 3rd period - Stopped by Thomas McCollum with a rebound.
7:25 of 3rd period - Slapshot by Viktor Loov.
7:25 of 3rd period - Shot Misses the Net.
7:38 of 3rd period - Off-side.
7:39 of 3rd period - Marek Zagrapan wins face-off versus Mark Olver in neutral zone.
8:14 of 3rd period - Snap shot by Jeremy Morin.
8:14 of 3rd period - Stopped by Darcy Kuemper without a rebound.
8:15 of 3rd period - Lars Eller wins face-off versus Mark Scheifele in Staline zone.
8:40 of 3rd period - Nick Spaling is hit by Mark Olver and loses puck.
9:13 of 3rd period - Slapshot by Joe Morrow.
9:13 of 3rd period - Stopped by Darcy Kuemper with a rebound.
9:15 of 3rd period - Wrist shot by Mark Olver.
9:15 of 3rd period - Goal by Mark Olver - Staline : 4 - Influenza : 6.
9:16 of 3rd period - David Desharnais wins face-off versus Mark Scheifele in neutral zone.
9:16 of 3rd period - David Desharnais is hit by Jeremy Morin.
9:28 of 3rd period - Snap shot by David Desharnais.
9:28 of 3rd period - Shot Blocked by Jeremy Morin.
10:02 of 3rd period - Minor Penalty to James Sheppard for Interference.
10:03 of 3rd period - Mark Scheifele wins face-off versus Nick Spaling in Staline zone.
10:16 of 3rd period - Lars Eller is hit by Jeremy Morin and loses puck.
12:02 of 3rd period - Penalty to James Sheppard is over, James Sheppard is back on ice.
12:07 of 3rd period - Philip Larsen is hit by Matt Corrente and loses puck.
12:28 of 3rd period - Snap shot by Marek Zagrapan.
12:28 of 3rd period - Stopped by Thomas McCollum with a rebound.
12:34 of 3rd period - Matt Corrente is hit by Barclay Goodrow.
12:48 of 3rd period - Iiro Pakarinen is hit by Corey Trivino and loses puck.
12:56 of 3rd period - Stu Bickel is hit by Matt Corrente and loses puck.
13:07 of 3rd period - Slapshot by Philip Larsen.
13:07 of 3rd period - Shot Blocked by Joe Morrow.
13:49 of 3rd period - Wrist shot by Danny Kristo.
13:49 of 3rd period - Stopped by Thomas McCollum without a rebound.
13:50 of 3rd period - Mark Scheifele wins face-off versus Corey Trivino in Influenza zone.
14:23 of 3rd period - Jordan Caron is hit by Jeff May.
14:59 of 3rd period - Snap shot by Mark Scheifele.
14:59 of 3rd period - Goal by Mark Scheifele - Staline : 4 - Influenza : 7.
15:00 of 3rd period - Mark Scheifele wins face-off versus Lars Eller in neutral zone.
15:02 of 3rd period - Jeff May is hit by Mike Reilly and loses puck.
15:27 of 3rd period - Tyler Pitlick is hit by Jeff May and loses puck.
15:50 of 3rd period - Wrist shot by Lane MacDermid.
15:50 of 3rd period - Shot Misses the Net.
15:52 of 3rd period - Snap shot by Garnet Hathaway.
15:52 of 3rd period - Goal by Garnet Hathaway - Staline : 4 - Influenza : 8.
15:53 of 3rd period - Jordan Caron wins face-off versus Mark Scheifele in neutral zone.
16:18 of 3rd period - Matt Corrente is hit by James Sheppard and loses puck.
16:34 of 3rd period - Slapshot by Mark Scheifele.
16:34 of 3rd period - Shot Blocked by Philip Larsen.
16:42 of 3rd period - Slapshot by Jeremy Morin.
16:42 of 3rd period - Stopped by Darcy Kuemper with a rebound.
16:44 of 3rd period - Snap shot by Mark Scheifele.
16:44 of 3rd period - Stopped by Darcy Kuemper with a rebound.
17:18 of 3rd period - Wrist shot by Mark Scheifele.
17:18 of 3rd period - Shot Misses the Net.
17:20 of 3rd period - Slapshot by Mark Scheifele.
17:20 of 3rd period - Stopped by Darcy Kuemper without a rebound.
17:21 of 3rd period - Charlie Coyle wins face-off versus Lars Eller in Staline zone.
18:11 of 3rd period - Snap shot by Marek Zagrapan.
18:11 of 3rd period - Stopped by Thomas McCollum with a rebound.
18:13 of 3rd period - Slapshot by Nikita Nesterov.
18:13 of 3rd period - Stopped by Thomas McCollum without a rebound.
18:14 of 3rd period - Charlie Coyle wins face-off versus Lars Eller in Influenza zone.
18:31 of 3rd period - Andrey Pedan is hit by Jimmy Vesey and loses puck.
19:06 of 3rd period - Wrist shot by Jimmy Vesey.
19:06 of 3rd period - Stopped by Darcy Kuemper with a rebound.
19:08 of 3rd period - Wrist shot by Jimmy Vesey.
19:08 of 3rd period - Stopped by Darcy Kuemper with a rebound.
19:10 of 3rd period - Snap shot by Charlie Coyle.
19:10 of 3rd period - Stopped by Darcy Kuemper with a rebound.
19:12 of 3rd period - Wrist shot by Jimmy Vesey.
19:12 of 3rd period - Shot Blocked by Jeff Skinner.
19:22 of 3rd period - Slapshot by Beau Bennett.
19:22 of 3rd period - Stopped by Darcy Kuemper without a rebound.
19:23 of 3rd period - Mark Scheifele wins face-off versus Lars Eller in Staline zone.
19:32 of 3rd period - Snap shot by T.J Galiardi.
19:32 of 3rd period - Stopped by Darcy Kuemper without a rebound.
19:33 of 3rd period - Lars Eller wins face-off versus Mark Scheifele in Staline zone.
19:51 of 3rd period - Minor Penalty to Lars Eller for Close Hand On Puck.
19:52 of 3rd period - Mark Scheifele wins face-off versus Nick Spaling in Staline zone.
19:58 of 3rd period - Wrist shot by Mathieu Carle.
19:58 of 3rd period - Deflect By Lane MacDermid.
19:58 of 3rd period - Stopped by Darcy Kuemper with a rebound.
Goals for this period are 0 for Staline vs 3 for Influenza.
Shots for this period are 6 for Staline vs 15 for Influenza.
Back to the Top